Map: Efflorescence LE

Players

Daeomtronca

  • Race: Protoss Protoss
  • Spawn Location: 3:00

Detlef

  • Race: Zerg Zerg
  • League: Gold
  • Spawn Location: 12:00

Massa - Winner!

  • Race: Terran Terran
  • League: Gold
  • Spawn Location: 9:00

qqq - Winner!

  • Race: Protoss Protoss
  • League: Platinum
  • Spawn Location: 6:00

VOD

Have the link to the VOD?

Description

Time

  • Played on: Aug. 10, 2020, 11:39 a.m.
  • Length: 14:17
Show
View Real Time Build Order
Export as new Build Order

Daeomtronca Protoss 

Build Orders: Oracle Opening 

Get SALT Encoding   

  12  0:00  Probe  
  13  0:12  Probe  
  14  0:18  Pylon  
  14  0:24  Probe  
  15  0:39  Gateway  
  15  0:43  Assimilator  
  15  0:45  Probe  
  16  0:57  Probe  
  16  1:01  Pylon  
  17  1:09  Probe  
  17  1:15  Assimilator  
  17  1:21  Probe  
  18  1:27  Cybernetics Core  
  18  1:33  Probe  
  18  1:37  Pylon  
  19  1:45  Probe  
  20  1:57  Probe  
  21  2:09  Probe  
  21  2:10  Stargate  
  21  2:13  Warp Gate (Chrono Boost)  
  22  2:31  Probe  
  23  2:50  Stalker (Chrono Boost)  
  24  3:12  Stalker (Chrono Boost)  
  25  3:24  Probe  
  26  3:33  Nexus  
  26  3:35  Oracle  
  26  3:36  Probe  
  30  4:07  Pylon  
  30  4:10  Oracle (Chrono Boost)  
  30  4:13  Pylon  
  30  4:15  Assimilator  
  33  4:22  Gateway  
  30  5:12  Forge  
  30  5:16  Pylon  
  30  5:17  Probe  
  31  5:29  Probe  
  32  5:41  Probe  
  33  5:54  Probe  
  31  5:58  Protoss Ground Weapons Level 1 (Chrono Boost)  
  31  5:59  Stalker x2  
  35  6:05  Photon Cannon  
  35  6:06  Probe (Chrono Boost)  
  35  6:10  Photon Cannon  
  36  6:17  Probe (Chrono Boost)  
  37  6:18  Gateway  
  37  6:21  Gateway  
  37  6:22  Probe (Chrono Boost)  
  37  6:23  Robotics Facility  
  38  6:28  Stalker x2  
  38  6:32  Probe  
  43  6:37  Pylon  
  43  6:39  Twilight Council  
  43  6:44  Probe  
  44  6:52  Zealot x2  
  48  7:12  Stalker x2  
  48  7:13  Zealot  
  53  7:16  Sentry  
  28  7:47  Observer (Chrono Boost)  
  28  7:49  Stalker x4  
  37  7:55  Blink (Chrono Boost)  
  35  8:05  Warp Prism (Chrono Boost)  
  35  8:07  Probe  
  38  8:19  Probe  
  39  8:24  Stalker x2  
  39  8:25  Zealot x2  
  47  8:31  Probe  
  45  8:43  Probe  
  45  8:46  Stalker  
  46  8:56  Probe  
  46  9:01  Zealot x3  
  51  9:41  Stalker x4  
  51  9:43  Warp Prism  
  61  9:51  Probe (Chrono Boost)  
  62  9:53  Protoss Ground Weapons Level 2 (Chrono Boost)  
  62  10:01  Probe (Chrono Boost)  
  62  10:06  Probe (Chrono Boost)  
  63  10:11  Assimilator  
  64  10:17  Probe  
  65  10:47  Stalker x2  
  65  10:48  Stalker x2  
  73  10:50  Observer  
  73  10:58  Probe, Robotics Bay  
  73  11:03  Pylon  
  74  11:05  Gateway  
  74  11:10  Probe  
  74  11:11  Observer  
  76  11:22  Probe  
  77  11:28  Zealot  
  77  11:30  Zealot  
  77  11:31  Zealot x2  
  85  11:46  Gravitic Drive  
  85  11:49  Stalker  
  85  11:50  Stalker  
  85  11:51  Stalker x2  
  91  12:36  Observer  
  46  13:09  Stalker x5  
  44  13:32  Stalker x2  
  44  13:33  Zealot x2, Immortal (Chrono Boost), Stalker  
  58  14:02  Stalker x5  
Show
View Real Time Build Order
Export as new Build Order

Detlef Zerg 

Build Orders: Hatch First, Roach Hydra 

Get SALT Encoding   

  12  0:01  Drone  
  13  0:08  Drone  
  14  0:18  Overlord  
  14  0:46  Drone  
  14  0:49  Hatchery  
  14  0:50  Drone  
  14  0:55  Drone  
  16  0:58  Drone  
  17  1:06  Extractor  
  17  1:08  Drone  
  17  1:21  Spawning Pool  
  17  1:22  Drone  
  17  1:30  Drone  
  18  1:40  Drone  
  19  1:51  Overlord  
  19  2:01  Drone  
  19  2:02  Drone  
  21  2:09  Lair  
  21  2:10  Queen  
  21  2:12  Drone  
  21  2:15  Drone  
  25  2:28  Roach Warren  
  25  2:29  Drone  
  25  2:31  Drone  
  26  2:37  Drone x2  
  28  3:02  Extractor  
  27  3:07  Roach x3  
  27  3:08  Roach  
  27  3:09  Overlord x2  
  35  3:18  Glial Reconstitution  
  35  3:25  Drone  
  35  3:26  Queen  
  36  3:28  Drone x3  
  41  3:39  Roach x2  
  43  4:00  Drone x7  
  50  4:06  Metabolic Boost  
  50  4:08  Overlord  
  50  4:09  Overlord  
  50  4:20  Pneumatized Carapace  
  50  4:24  Extractor  
  50  4:26  Drone x3  
  50  4:27  Extractor  
  50  4:29  Drone x2  
  50  4:31  Drone x2  
  55  4:38  Baneling Nest  
  54  4:41  Roach  
  54  4:42  Roach  
  58  4:55  Drone x3  
  61  5:03  Hydralisk Den  
  61  5:06  Evolution Chamber  
  59  5:08  Drone, Evolution Chamber  
  59  5:09  Drone x2  
  59  5:10  Drone  
  62  5:20  Overseer  
  62  5:32  Hatchery, Muscular Augments  
  61  5:35  Spore Crawler  
  61  5:38  Spore Crawler  
  61  5:41  Spore Crawler  
  61  5:42  Spore Crawler  
  57  5:43  Drone x2  
  59  5:54  Zerg Missile Weapons Level 1, Zerg Ground Armor Level 1  
  59  5:57  Overlord  
  59  6:01  Overlord  
  53  6:25  Hydralisk  
  53  6:26  Hydralisk x5  
  63  6:37  Hydralisk x3  
  65  6:43  Centrifical Hooks  
  65  6:44  Grooved Spines  
  63  6:53  Roach x2  
  67  6:56  Overlord  
  67  6:57  Overlord  
  65  7:26  Roach  
  65  7:27  Roach x8  
  75  7:43  Hydralisk x4  
  83  7:45  Overlord  
  77  8:03  Queen  
  77  8:04  Overlord x2  
  77  8:05  Overlord  
  79  8:20  Zerg Missile Weapons Level 2  
  79  8:21  Zerg Ground Armor Level 2  
  79  8:35  Hydralisk  
  79  8:36  Hydralisk x4  
  89  8:52  Hydralisk  
  89  8:53  Hydralisk x3  
  77  9:15  Hydralisk  
  77  9:16  Hydralisk x4  
  61  9:33  Drone x6  
  59  9:40  Drone x2  
  61  9:52  Drone x3  
  64  10:00  Zergling x2  
  64  10:01  Zergling x4  
  64  10:02  Zergling x2  
  68  10:08  Queen  
  70  10:21  Drone x4  
  74  10:54  Extractor  
  73  10:59  Hydralisk  
  73  11:00  Hydralisk x5  
  83  11:14  Hatchery  
  78  11:53  Infestation Pit  
  77  12:09  Drone x3  
  77  12:12  Drone x10  
  78  12:53  Hydralisk x5  
  78  12:54  Hydralisk x11  
  90  12:58  Extractor  
  90  13:00  Extractor  
  90  13:04  Roach  
  67  13:27  Roach  
  67  13:28  Roach x4  
Show
View Real Time Build Order
Export as new Build Order

Massa Terran - Winner!

Build Orders:  

Get SALT Encoding   

  12  0:01  SCV  
  13  0:13  SCV  
  14  0:25  SCV, Supply Depot  
  15  0:31  Refinery  
  15  0:47  SCV  
  16  0:50  Barracks  
  16  0:59  SCV  
  17  1:11  SCV, Barracks  
  18  1:23  Refinery, SCV  
  19  1:35  SCV  
  19  1:39  Supply Depot  
  20  1:42  Reaper  
  21  1:48  Orbital Command  
  21  1:58  Reaper  
  22  2:14  Reaper  
  23  2:30  Marine  
  23  2:34  Command Center  
  24  2:46  Marine  
  24  2:48  Marine  
  26  3:04  Marine  
  27  3:13  Marine  
  28  3:22  Marine  
  29  3:30  Marine  
  30  3:40  Marine  
  30  3:52  SCV  
  30  3:56  Orbital Command  
  29  4:03  Barracks Tech Lab, Factory  
  29  4:04  Barracks Reactor, SCV  
  30  4:14  Engineering Bay  
  30  4:16  SCV  
  31  4:20  Supply Depot  
  31  4:22  SCV  
  32  4:28  SCV  
  33  4:34  SCV  
  33  4:35  Stimpack  
  33  4:38  Marauder  
  36  4:40  SCV, Marine  
  36  4:42  Marine  
  39  4:45  Supply Depot  
  39  4:46  SCV  
  39  4:47  Terran Infantry Weapons Level 1  
  39  4:49  Factory Tech Lab  
  39  4:52  SCV  
  41  4:58  SCV  
  41  4:59  Marauder  
  44  5:04  SCV  
  44  5:06  Starport  
  45  5:09  Missile Turret, Supply Depot  
  45  5:10  SCV  
  45  5:12  Missile Turret  
  46  5:16  SCV, Missile Turret  
  47  5:22  SCV  
  47  5:23  Marine x2  
  47  5:28  SCV, Marauder  
  52  5:33  Siege Tank  
  52  5:34  Supply Depot  
  56  5:41  Marine x2  
  60  5:50  Marauder  
  60  5:55  SCV x2  
  62  5:59  Marine x2  
  64  6:04  Medivac  
  64  6:06  Widow Mine  
  64  6:07  SCV x2  
  70  6:27  Widow Mine  
  72  6:34  Medivac  
  72  6:35  Concussive Shells  
  74  6:50  SCV x2  
  76  6:56  Command Center  
  76  7:02  SCV x2  
  78  7:22  SCV x2  
  72  7:34  SCV  
  68  7:59  Marauder, Marine  
  68  8:00  Marine  
  68  8:02  Siege Tank  
  68  8:04  Liberator  
  78  8:08  SCV  
  78  8:09  SCV  
  80  8:15  Command Center  
  80  8:17  Marine  
  80  8:18  Marine  
  82  8:20  Marauder  
  82  8:21  SCV x2  
  82  8:22  Terran Infantry Armor Level 1  
  82  8:24  Armory  
  86  8:33  SCV x2  
  88  8:34  Siege Tank  
  88  8:35  Marine x2  
  93  8:43  Orbital Command  
  93  8:48  Supply Depot  
  93  8:49  Supply Depot  
  93  9:08  Marauder, Marine  
  93  9:09  SCV x2, Marine  
  92  9:14  Supply Depot  
  88  9:21  SCV x2  
  85  9:29  Marauder  
  86  9:37  Supply Depot  
  72  9:45  Marine x2  
  72  9:50  Marauder  
  72  9:52  Barracks  
  76  9:53  Barracks x2  
  76  9:57  SCV  
  76  9:58  SCV x2  
  79  10:01  Supply Depot  
  79  10:03  Marine x2  
  81  10:09  SCV  
  81  10:10  SCV x2  
  81  10:12  Marauder  
  86  10:21  SCV, Marine  
  86  10:22  SCV x2, Marine  
  86  10:24  Thor  
  86  10:25  Supply Depot  
  97  10:33  SCV, Marauder  
  97  10:34  SCV x2  
  100  10:39  Marine  
  100  10:40  Marine  
  100  10:42  Factory  
  102  10:44  Factory  
  102  10:46  SCV x3  
  102  10:47  Refinery  
  102  10:48  Refinery, Terran Vehicle And Ship Armor Level 1  
  105  10:55  Marauder  
  107  10:57  Marine x2  
  107  10:58  Medivac  
  107  10:59  Engineering Bay  
  111  11:04  Refinery  
  111  11:06  Refinery  
  111  11:07  Thor  
  117  11:11  Refinery  
  117  11:13  Refinery  
  117  11:15  Marine x2  
  117  11:16  Marauder  
  121  11:21  Barracks Tech Lab  
  121  11:22  Barracks Tech Lab x2  
  121  11:32  Marine  
  121  11:33  Marine  
  121  11:37  Marauder  
  121  11:38  Supply Depot  
  123  11:40  Supply Depot  
  123  11:50  Marine  
  123  11:51  Marine  
  125  11:59  Terran Infantry Armor Level 2, Marauder  
  127  12:02  Supply Depot  
  127  12:06  Supply Depot  
  127  12:07  Armory  
  122  12:08  Marine  
  122  12:09  Marine  
  118  12:20  Marauder  
  118  12:28  Supply Depot  
  118  12:29  Supply Depot  
  114  12:40  Marauder x3, Marine x2  
  114  12:41  Marauder  
  114  12:42  Factory Tech Lab x2  
  114  12:44  Thor  
  128  12:53  Supply Depot x2  
  128  12:58  Marine x2  
  128  13:03  Marauder  
  128  13:04  Barracks Tech Lab x3  
  109  13:16  Marine, Supply Depot  
  109  13:19  Supply Depot  
  110  13:24  Marauder  
  112  13:40  Marauder x3, Supply Depot  
  112  13:41  Marine x2  
  119  13:42  Supply Depot  
  119  13:46  Marauder  
  134  13:58  Marine  
  134  13:59  Marine  
  136  14:05  Supply Depot  
  136  14:06  Supply Depot  
Show
View Real Time Build Order
Export as new Build Order

qqq Protoss - Winner!

Build Orders: 1 Gate Expand, Phoenix Opening, Carriers 

Get SALT Encoding   

  12  0:01  Probe  
  13  0:13  Probe  
  14  0:21  Pylon  
  14  0:29  Pylon  
  14  0:35  Probe  
  15  0:47  Probe  
  16  0:50  Gateway  
  16  0:56  Pylon  
  16  1:00  Probe  
  17  1:12  Probe  
  18  1:24  Probe  
  19  1:39  Nexus  
  19  1:42  Probe  
  20  1:53  Cybernetics Core  
  20  1:54  Probe  
  20  1:58  Assimilator  
  21  2:02  Assimilator  
  21  2:25  Probe  
  22  2:37  Probe  
  23  2:49  Probe  
  24  3:02  Probe  
  24  3:03  Stargate  
  25  3:06  Probe  
  26  3:14  Probe, Nexus  
  26  3:18  Probe  
  28  3:20  Stargate  
  28  3:26  Probe  
  29  3:30  Probe  
  30  3:38  Probe  
  31  3:42  Probe  
  31  3:48  Phoenix  
  34  3:50  Probe  
  34  3:54  Probe  
  36  3:57  Forge  
  36  3:59  Pylon  
  36  4:02  Probe  
  37  4:06  Phoenix  
  37  4:07  Probe  
  40  4:14  Probe, Phoenix  
  43  4:22  Probe  
  43  4:24  Assimilator  
  44  4:27  Probe  
  44  4:29  Assimilator  
  45  4:34  Probe  
  45  4:36  Phoenix  
  48  4:39  Probe  
  49  4:47  Probe  
  49  4:51  Probe  
  47  4:59  Probe  
  43  5:03  Probe  
  43  5:04  Probe  
  45  5:07  Pylon  
  45  5:10  Pylon  
  45  5:15  Probe, Phoenix  
  45  5:16  Probe  
  49  5:22  Phoenix  
  49  5:27  Probe  
  49  5:28  Probe  
  50  5:39  Probe  
  50  5:40  Probe, Photon Cannon  
  50  5:41  Protoss Air Weapons Level 1  
  45  5:52  Probe x2  
  45  6:04  Probe x2, Phoenix  
  49  6:16  Probe x2  
  50  6:28  Probe x2  
  52  6:34  Phoenix x2  
  55  6:40  Probe  
  55  6:41  Probe  
  55  6:46  Pylon  
  57  6:52  Probe  
  57  6:53  Probe  
  59  6:59  Phoenix  
  59  7:00  Probe  
  62  7:04  Probe  
  62  7:05  Probe  
  62  7:07  Photon Cannon  
  64  7:12  Probe  
  65  7:16  Probe  
  65  7:17  Probe  
  67  7:28  Probe  
  67  7:29  Probe  
  69  7:40  Probe  
  69  7:41  Probe  
  71  7:45  Phoenix x2  
  75  8:02  Probe x2  
  77  8:10  Phoenix x2  
  81  8:13  Fleet Beacon  
  81  8:14  Probe x2  
  81  8:16  Pylon  
  81  8:18  Stargate  
  83  8:22  Pylon, Protoss Air Armor Level 1  
  83  8:26  Probe, Photon Cannon  
  83  8:27  Probe  
  85  8:30  Photon Cannon  
  85  8:35  Phoenix  
  85  8:38  Probe  
  85  8:39  Probe  
  89  8:46  Phoenix  
  91  8:51  Probe x2  
  91  8:52  Assimilator  
  93  8:56  Assimilator  
  93  9:00  Photon Cannon, Phoenix  
  93  9:02  Photon Cannon, Shield Battery  
  91  9:03  Probe x2  
  91  9:11  Phoenix  
  91  9:15  Probe  
  86  9:25  Carrier  
  86  9:27  Probe  
  86  9:29  Anion Pulse-Crystals  
  93  9:36  Carrier  
  99  9:45  Probe  
  100  9:50  Nexus  
  100  9:52  Pylon x2  
  100  9:53  Pylon  
  100  9:55  Pylon  
  100  9:56  Pylon  
  100  9:57  Probe  
  101  10:00  Pylon  
  101  10:02  Photon Cannon  
  101  10:06  Photon Cannon  
  101  10:08  Stargate  
  101  10:10  Carrier  
  105  10:25  Nexus  
  105  10:26  Pylon  
  105  10:28  Mothership (Chrono Boost)  
  105  10:30  Pylon  
  105  10:31  Pylon  
  113  10:37  Photon Cannon  
  113  10:38  Photon Cannon  
  113  10:41  Photon Cannon  
  113  10:43  Protoss Air Weapons Level 2  
  113  10:44  Carrier  
  119  10:56  Photon Cannon  
  119  10:58  Photon Cannon  
  119  11:00  Photon Cannon  
  119  11:04  Photon Cannon  
  119  11:05  Probe  
  119  11:06  Shield Battery  
  120  11:16  Carrier  
  120  11:18  Probe  
  127  11:30  Probe  
  128  11:33  Photon Cannon  
  128  11:35  Pylon  
  128  11:39  Photon Cannon  
  128  11:41  Photon Cannon  
  128  11:42  Probe  
  128  11:43  Shield Battery  
  128  11:45  Photon Cannon, Pylon  
  128  11:46  Probe  
  131  11:56  Probe (Chrono Boost), Carrier  
  138  12:02  Probe (Chrono Boost)  
  138  12:05  Carrier  
  145  12:11  Probe (Chrono Boost)  
  145  12:13  Probe (Chrono Boost)  
  145  12:14  Carrier  
  152  12:18  Probe  
  153  12:44  Carrier  
  153  13:00  Carrier  
  159  13:07  Probe  
  159  13:09  Carrier  
  166  13:16  Photon Cannon  
  166  13:17  Shield Battery  
  166  13:19  Probe  
  173  13:20  Shield Battery  
  173  13:21  Photon Cannon  
  173  13:23  Photon Cannon  
  173  13:24  Probe  
  174  13:32  Probe  
  175  13:37  Probe  
  176  13:44  Probe  
  182  13:49  Probe  
  183  13:56  Probe  
  183  14:01  Probe  
Tags
 
Add a new tag
Caveats
  • Supply blocks, unpowered buildings, or Contaminate may cause inaccurate times.
  • Supply counts are checked every 10 seconds.